AoeStats
← waLLefps.

Arena

507486057Analyzed
1v1 RM · 13d ago on Sep 18, 2026· 38m 32s· 2 players
Game mode
Random Map
Map size
Tiny (2 player)
Population
200
Speed
Normal
Resources
Standard
Victory
Conquest
Starting age
Dark Age
Ending age
Imperial Age
RankedLock teamsTeams togetherTeam positionsShared explorationLock speedFull tech treeHidden civsTurbo modeCheats
Victory
Defeat
🇹🇷 Malay · Türkiye
1319
+18
🇵🇹 Portuguese · Portugal
1363
-18
waLLefps.
12:01 Feudal Age
15:33 Castle Age
14:27 Double-Bit Axe
14:24 Horse Collar
15:45 Bow Saw
18:24 Forging
25:43 Wheelbarrow
26:02 Town Watch
26:35 Gold Mining
26:40 Stone Mining
26:58 Squires
28:53 Fletching
30:19 Iron Casting
29:41 Bodkin Arrow
31:05 Loom
33:36 Hand Cart
36:20 Imperial Age
36:26 Imperial Age
33:51 Pikeman
33:54 Man-at-Arms
34:36 Padded Archer Armor
36:18 Conscription
35:32 Elite Karambit Warrior
Afonso de Albuquerque
10:57 Feudal Age
11:48 Loom
14:48 Castle Age
12:46 Double-Bit Axe
13:02 Horse Collar
14:15 Gold Mining
19:46 Fervor
24:22 Bow Saw
25:30 Redemption
25:40 Sanctity
25:38 Town Watch
26:28 Wheelbarrow
35:12 Imperial Age
33:43 Heavy Plow
37:09 Chemistry
36:30 Block Printing
36:38 Stone Mining
Connection lost

Rejoining the realm…

Still unreachable

The connection could not be restored.

Session expired

The server has moved on; the page needs a fresh start.